 Dungeon Crawl Stone Soup version 0.26-a0-84-g8c18429211 (webtiles) character file.

Game seed: 6897288874934317616

2503 daeseoin the Protected (level 9, -4/68 HPs)
             Began as a Formicid Arcane Marksman on June 20, 2020.
             Was a Believer of Fedhas.
             Slain by Joseph
             ... wielding a +0 quarterstaff
              (5 damage)
             ... on level 7 of the Dungeon.
             The game lasted 00:25:10 (10732 turns).

daeseoin the Protected (Formicid Arcane Marksman)  Turns: 10732, Time: 00:25:11

Health: -4/68      AC: 14    Str: 18    XL:     9   Next: 82%
Magic:  11/11      EV:  8    Int: 13    God:    Fedhas [**....]
Gold:   335        SH:  0    Dex: 11    Spells: 10/10 levels left

rFire    . . .     SeeInvis +   a - +2 short sword (venom)
rCold    . . .     Gourm    .   (no shield)
rNeg     . . .     Faith    .   P - +0 chain mail
rPois    .         Spirit   .   (helmet unavailable)
rElec    .         Reflect  .   F - +0 cloak
rCorr    .         Harm     .   (no gloves)
MR       .....                  t - +1 pair of boots
Stlth    ..........             g - amulet of inaccuracy (curse)
HPRegen  0.21/turn              (no ring)
MPRegen  0.12/turn              (no ring)

@: no status effects
A: permanent stasis, dig shafts and tunnels, four strong arms, antennae 3
a: Dig, Shaft Self, Wall of Briars, Renounce Religion


You were on level 7 of the Dungeon.
You worshipped Fedhas.
Fedhas was pleased with you.
You were not hungry.

You visited 2 branches of the dungeon, and saw 8 of its levels.
You also visited: Ossuary.

You collected 335 gold pieces.

Inventory:

Hand Weapons
 a - a +2 short sword of venom (weapon)
 b - a +3 vorpal hunting sling
 c - a +0 battleaxe
 m - a +0 shortbow
 p - a +0 great sword
 w - a +0 club
Missiles
 d - 56 arrows
 n - 34 sling bullets
 o - 100 stones
 s - 4 silver boomerangs
 y - a throwing net (quivered)
 z - 16 poisoned darts
Armour
 e - a +0 robe
 q - a +0 scale mail of cold resistance
 t - a +1 pair of boots (worn)
 F - a +0 cloak (worn)
 P - a +0 chain mail (worn)
Jewellery
 g - a cursed amulet of inaccuracy (around neck)
 u - an uncursed amulet of reflection
 I - an uncursed amulet of the acrobat
Wands
 l - a wand of acid (3)
 r - a wand of enslavement (7)
 K - a wand of paralysis (3)
Scrolls
 v - a scroll of magic mapping
 A - 2 scrolls of amnesia
 J - 3 scrolls of enchant armour
 L - a scroll of enchant weapon
 M - a scroll of remove curse {unknown}
 O - a scroll of random uselessness {unknown}
Potions
 h - a potion of might {unknown}
 i - a potion of cancellation {unknown}
 j - a potion of magic {unknown}
 k - 5 potions of curing
 x - 4 potions of stabbing {unknown}
 B - 2 potions of berserk rage
 C - a potion of heal wounds
 D - 2 potions of haste {unknown}
 E - 2 potions of degeneration {unknown}
 G - a potion of flight {unknown}
 H - a potion of lignification {unknown}
Comestibles
 f - 6 rations
 N - a chunk of flesh


   Skills:
 + Level 5.4 Fighting
 + Level 3.6 Short Blades
 + Level 0.7 Axes
 - Level 7.3 Slings
 - Level 1.7 Bows
 * Level 8.4 Armour
 - Level 2.0 Dodging
 - Level 1.1 Spellcasting
   Level 3.7 Hexes
 - Level 3.2 Invocations


You had 10 spell levels left.
You didn't know any spells.
Your spell library contained the following spells:

 Spells                   Type           Power        Failure   Level  Hunger
 Corona                   Hex            ##.....      50%         1    ##.....
 Slow                     Hex            ##......     65%         2    ###....
 Magic Dart               Conj           #...         95%         1    ##.....
 Inner Flame              Hex/Fire       #.......     98%         3    ####...
 Portal Projectile        Hex/Tloc       #.....       98%         3    ####...
 Call Imp                 Summ           #.......     99%         2    ###....
 Cause Fear               Hex            ##........   99%         4    #####..
 Conjure Flame            Conj/Fire      #.......     100%        3    ####...
 Mephitic Cloud           Conj/Pois/Air  #.......     100%        3    ####...
 Leda's Liquefaction      Hex/Erth       #.........   100%        4    #####..
 Blink                    Tloc           Unusable     N/A         2    N/A

Dungeon Overview and Level Annotations

Branches:
Dungeon (7/15)             Temple (1/1) D:4         Ossuary (visited)

Altars:
Elyvilon
Fedhas
Qazlal
Sif Muna
Trog
Uskayaw
Xom
Zin
The Shining One

Annotations:
D:2 exclusion: 2 downstairs
D:7 Joseph


Innate Abilities, Weirdness & Mutations

You cannot be hasted, slowed, berserked, paralysed or teleported.
You can dig through walls and to a lower floor.
Your four strong arms can wield two-handed weapons with a shield.
You have a pair of large antennae on your head. (SInv)


Message History

Joseph is heavily wounded.
Joseph hits you but does no damage.
You hit Joseph.
Joseph looks as sick as possible!
Joseph is heavily wounded.
Joseph hits you with a +0 quarterstaff.
* * * LOW HITPOINT WARNING * * *
You barely miss Joseph.
Joseph is heavily wounded.
You barely miss Joseph.
Joseph is heavily wounded.
Joseph hits you with a +0 quarterstaff!
* * * LOW HITPOINT WARNING * * *
You hit Joseph.
Joseph looks as sick as possible!
Joseph is severely wounded.
Joseph barely misses you.
You hit Joseph.
Joseph looks as sick as possible!
Joseph is severely wounded.
Joseph hits you with a +0 quarterstaff.
You die...
Fedhas appreciates your contribution to the ecosystem.

{ ##### .
...#####...
####.........
#<..@(.....#
#..@##.....#
#...########
.... #....##
.....#...÷.# {
.....#....#..#
.....#....###..÷
.........## ###
........#


You could see Joseph (extremely poisoned).

Vanquished Creatures
  Sigmund (D:5)
  2 phantoms
  A centaur (D:5)
  An ogre (D:5)
  2 elf zombies (Ossuary)
  2 bullfrogs (D:6)
  2 scorpions (D:6)
  A howler monkey (D:4)
  3 crimson imps
  3 hounds (D:6)
  3 human zombies
  5 orc wizards
  Crazy Yiuf (D:5)
  A jelly (D:7)
  A bullfrog skeleton (D:5)
  A centaur skeleton (D:6)
  A gnoll shaman (D:5)
  11 orc priests
  A human skeleton (D:4)
  2 iguanas (D:5)
  6 worker ants
  Natasha (thrice) (D:2)
  3 hound zombies
  3 mummies (Ossuary)
  A worker ant zombie (D:6)
  7 gnolls
  10 adders
  A shadow imp (D:6)
  An adder zombie (Ossuary)
  An adder skeleton (D:5)
  4 worms
  6 dart slugs
  5 leopard geckos
  35 orcs
  A ball python (D:1)
  6 giant cockroaches
  10 goblins
  8 hobgoblins
  3 jackals (D:6)
  4 bats
  A frilled lizard (D:1)
  A gnoll zombie (Ossuary)
  5 goblin zombies (Ossuary)
  2 hobgoblin zombies (Ossuary)
  3 jackal zombies (Ossuary)
  4 kobolds
  6 kobold zombies (Ossuary)
  2 orc skeletons (D:4)
  3 orc zombies
  A quokka skeleton (D:5)
  5 quokka zombies (Ossuary)
  5 rats
  4 rat zombies (Ossuary)
205 creatures vanquished.

Notes
Turn   | Place    | Note
-------+----------+-------------------------------------------
     0 | D:1      | daeseoin the Formicid Arcane Marksman began the quest for
                  | the Orb.
     0 | D:1      | Reached XP level 1. HP: 15/15 MP: 2/2
   185 | D:1      | Reached XP level 2. HP: 16/21 MP: 3/3
   522 | D:1      | HP: 1/21 [hobgoblin/+0 club (3)]
   833 | D:1      | Reached skill level 1 in Armour
  1260 | D:1      | Reached XP level 3. HP: 24/26 MP: 4/4
  1853 | D:1      | Reached skill level 2 in Armour
  2064 | D:2      | Noticed Natasha
  2106 | D:2      | Reached XP level 4. HP: 33/33 MP: 5/5
  2124 | D:2      | Found a shimmering blue altar of Sif Muna.
  2125 | D:2      | Found a hide-covered altar of Uskayaw.
  2131 | D:2      | Found a glowing silver altar of Zin.
  2151 | D:2      | Found a shimmering altar of Xom.
  2286 | D:2      | Reached skill level 1 in Slings
  2287 | D:2      | Killed Natasha
  2384 | D:2      | Noticed Natasha
  2392 | D:2      | Killed Natasha
  2392 | D:2      | Reached XP level 5. HP: 21/39 MP: 6/6
  2982 | D:2      | Noticed Natasha
  2986 | D:2      | Killed Natasha
  2986 | D:2      | Reached skill level 3 in Armour
  3314 | D:3      | Reached XP level 6. HP: 33/46 MP: 7/7
  4741 | D:3      | Reached skill level 4 in Armour
  4741 | D:3      | Reached XP level 7. HP: 30/52 MP: 8/8
  5235 | D:4      | Reached skill level 5 in Slings
  5561 | D:4      | Reached XP level 8. HP: 52/59 MP: 9/9
  5772 | D:4      | Found a sand-covered staircase.
  5790 | Ossuary  | Entered an ossuary
  5893 | Ossuary  | Reached skill level 5 in Armour
  7106 | D:4      | Found a staircase to the Ecumenical Temple.
  7115 | Temple   | Entered the Ecumenical Temple
  7130 | Temple   | Became a worshipper of Fedhas Madash
  7283 | D:5      | Entered Level 5 of the Dungeon
  7521 | D:5      | Reached skill level 1 in Invocations
  7841 | D:5      | Reached skill level 6 in Armour
  8333 | D:5      | Reached skill level 1 in Short Blades
  8419 | D:5      | Noticed Sigmund
  8446 | D:5      | Killed Sigmund
  8446 | D:5      | Reached XP level 9. HP: 55/66 MP: 10/10
  8724 | D:5      | Reached skill level 7 in Armour
  8734 | D:5      | Reached * piety under Fedhas
  9157 | D:5      | Found a runed translucent door.
  9158 | D:5      | Noticed Crazy Yiuf
  9168 | D:5      | Killed Crazy Yiuf
  9484 | D:6      | Reached skill level 5 in Fighting
  9832 | D:6      | Found a white marble altar of Elyvilon.
  9911 | D:6      | Reached skill level 8 in Armour
 10438 | D:6      | Reached ** piety under Fedhas
 10676 | D:7      | Noticed Joseph
 10730 | D:7      | HP: 1/68 [Joseph/+0 quarterstaff (9)]
 10732 | D:7      | Slain by Joseph

Illustrated notes

Levels and vault maps discovered:
D:1:      minmay_arrival_loop, layout_basic
D:2:      layout_basic, lemuel_doored_altar,
          chequers_temple_overflow_statue_of_worship, first_ration,
          grunt_ministairs_15, uniq_natasha
D:3:      layout_rooms
D:4:      layout_cave_pools, minmay_temple_entry_antechambers,
          nicolae_ossuary_entry_catacombs
D:5:      layout_rooms, item_on_display_a, uniq_sigmund, uniq_crazy_yiuf_cottage
D:6:      layout_cave_pools, elyvilon_altar_5
D:7:      layout_rooms, grunt_ogre_cave, uniq_harold, uniq_joseph
Temple:   kb_temple_of_zot

Skill      XL: |  1  2  3  4  5  6  7  8  9 |
---------------+----------------------------+-----
Dodging        | 2 |  2.0
Armour         | 1 2 3 4 6 8 |  8.4
Fighting       | 2 3 4 5 |  5.4
Slings         | 2 3 4 6 7 |  7.3
Invocations    | 2 3 |  3.2
Short Blades   | 1 3 |  3.6
Axes           | |  0.7
Bows           | |  1.7
Spellcasting   | |  1.1
Hexes          | |  3.7

Action                   |  1- 3 |  4- 6 |  7- 9 || total
-------------------------+-------+-------+-------++-------
Melee: Club              |    99 |    19 |       ||   118
       Short sword       |       |       |   403 ||   403
       Battleaxe         |       |       |    30 ||    30
 Fire: Shortbow          |    21 |     1 |       ||    22
       Hunting sling     |    15 |   168 |   426 ||   609
Evoke: Wand              |       |       |     1 ||     1
  Use: Scroll            |       |     4 |     5 ||     9
       Potion            |       |     1 |       ||     1
  Eat: Chunk             |     4 |     8 |     9 ||    21
       Ration            |       |       |     3 ||     3
Armor: Robe              |    29 |       |       ||    29
       Scale mail        |       |    57 |   305 ||   362
       Chain mail        |       |       |    14 ||    14
Dodge: Dodged            |   110 |    75 |   324 ||   509

Table legend:
 A = Non-vault XP
 B = Vault XP
 C = Vault XP percentage of total XP
 D = Non-vault monster count
 E = Vault monster count
 F = Vault count percentage of total count
                 A         B        C        D         E       F
            +---------+---------+-------+---------+---------+-------
      Total |    2792 |     785 |  21.9 |     157 |      48 |  23.4
            +---------+---------+-------+---------+---------+-------
        D:1 |      42 |       0 |   0.0 |      22 |       0 |   0.0
        D:2 |     306 |      47 |  13.3 |      32 |       3 |   8.6
        D:3 |     209 |       0 |   0.0 |      22 |       0 |   0.0
        D:4 |     492 |      85 |  14.7 |      23 |       6 |  20.7
        D:5 |     804 |     250 |  23.7 |      28 |       2 |   6.7
        D:6 |     894 |       0 |   0.0 |      28 |       0 |   0.0
        D:7 |      45 |       0 |   0.0 |       2 |       0 |   0.0
    Ossuary |       0 |     403 | 100.0 |       0 |      37 | 100.0
            +---------+---------+-------+---------+---------+-------
